AoeStats
← WasserLasser

Arena

508279945Analyzed
4v4 RM · 10d ago on Sep 21, 2026· 70m 31s· 8 players
Game mode
Random Map
Map size
Large (8 player)
Population
200
Speed
Normal
Resources
Standard
Victory
Conquest
Starting age
Dark Age
Ending age
Imperial Age
RankedLock teamsTeams togetherTeam positionsShared explorationLock speedFull tech treeHidden civsTurbo modeCheats
Victory
Defeat
🇩🇪 Italians · Germany
1298
+13
🇩🇪 Byzantines · Germany
1277
+14
🇩🇪 Franks · Germany
1196
+17
🇩🇪 Magyars · Germany
1173
+18
🇺🇸 Italians · United States
1533
-25
🇩🇪 Burmese · Germany
1405
-22
🇬🇧 Ethiopians · United Kingdom
1113
-11
🇵🇱 Hindustanis · Poland
854
-4
Myrmidon Overlord
11:45 Feudal Age
15:20 Castle Age
13:39 Horse Collar
16:24 Heavy Plow
22:16 Wheelbarrow
22:04 Loom
22:05 Town Watch
22:16 Gold Mining
24:02 Gold Shaft Mining
23:14 Loom
23:55 Hand Cart
25:03 Stone Mining
26:11 Scale Barding Armor
28:45 Imperial Age
25:48 Pikeman
27:16 Bloodlines
27:07 Husbandry
27:42 Squires
27:50 Scale Barding Armor
27:56 Forging
27:20 Light Cavalry
29:48 Chain Barding Armor
30:04 Iron Casting
29:53 Elite Battle Elephant
31:14 Conscription
32:38 Plate Barding Armor
32:37 Capped Ram
34:54 Howdah
37:31 Man-at-Arms
37:56 Gambesons
39:14 Blast Furnace
38:44 Manipur Cavalry
38:17 Long Swordsman
38:43 Arson
38:22 Hussar
40:22 Treadmill Crane
40:52 Masonry
46:48 Fletching
46:58 Padded Archer Armor
47:20 Ballistics
47:57 Caravan
49:39 Bodkin Arrow
50:17 Architecture
51:33 Guilds
55:09 Two-Handed Swordsman
56:31 Champion
58:35 Halberdier
61:45 Scale Mail Armor
63:29 Chain Mail Armor
63:15 Bracer
65:14 Plate Mail Armor
71:06 Chemistry
70:16 Siege Engineers
Curryfortea
8:59 Loom
10:49 Feudal Age
14:59 Castle Age
12:51 Double-Bit Axe
16:41 Crossbowman
22:13 Padded Archer Armor
24:11 Bow Saw
26:38 Loom
27:31 Fletching
30:25 Wheelbarrow
32:21 Thumb Ring
35:19 Imperial Age
33:09 Elite Skirmisher
35:48 Bodkin Arrow
36:09 Leather Archer Armor
36:35 Ballistics
37:15 Chemistry
36:59 Hand Cart
36:56 Arbalester
40:14 Bracer
45:42 Ring Archer Armor
44:53 Light Cavalry
45:40 Scale Barding Armor
45:45 Forging
46:01 Hussar
48:25 Chain Barding Armor
51:18 Iron Casting
56:40 Cavalier
Obsessive
11:29 Feudal Age
16:37 Castle Age
14:41 Double-Bit Axe
15:20 Horse Collar
15:40 Gold Mining
16:13 Scale Barding Armor
17:57 Gold Mining
19:41 Wheelbarrow
20:24 Loom
23:49 Heavy Plow
25:39 Chain Barding Armor
25:23 Husbandry
27:18 Bow Saw
28:51 Bloodlines
32:40 Imperial Age
30:27 Hand Cart
30:53 Gold Shaft Mining
30:12 Stone Mining
31:37 Forging
32:57 Grand Trunk Road
33:38 Iron Casting
32:54 Fletching
33:52 Conscription
33:22 Heavy Camel Rider
35:46 Two-Man Saw
35:23 Stone Shaft Mining
35:42 Plate Barding Armor
36:09 Blast Furnace
35:17 Imperial Camel Rider
38:58 Elite Skirmisher
39:44 Thumb Ring
39:37 Bodkin Arrow
39:43 Padded Archer Armor
40:05 Ballistics
40:46 Chemistry
39:57 Masonry
41:37 Bracer
43:37 Leather Archer Armor
47:35 Ring Archer Armor
48:34 Light Cavalry
49:35 Hussar
2rich4u81
11:00 Feudal Age
14:44 Castle Age
14:08 Double-Bit Axe
14:04 Horse Collar
14:56 Gold Mining
16:07 Bow Saw
17:36 Heavy Plow
20:58 Wheelbarrow
23:14 Loom
26:20 Imperial Age
24:17 Stone Mining
24:35 Fletching
25:22 Sanctity
25:19 Bodkin Arrow
26:42 Ballistics
26:24 Padded Archer Armor
28:16 Two-Man Saw
28:34 Chemistry
28:19 Crop Rotation
28:17 Hand Cart
28:30 Conscription
29:06 Leather Archer Armor
29:35 Bracer
30:10 Elite Genoese Crossbowman
32:12 Ring Archer Armor
32:00 Scale Mail Armor
32:10 Forging
32:21 Thumb Ring
33:00 Murder Holes
33:43 Silk Road
38:12 Elite Skirmisher
39:29 Fortified Wall
39:00 Treadmill Crane
40:29 Chain Mail Armor
42:56 Plate Mail Armor
48:00 Stone Shaft Mining
53:59 Squires
53:20 Pikeman
59:11 Caravan
61:08 Iron Casting
60:38 Scale Barding Armor
65:22 Chain Barding Armor
66:57 Plate Barding Armor
67:14 Bloodlines
67:05 Husbandry
68:52 Husbandry
70:04 Blast Furnace
Banana Joe
10:29 Feudal Age
14:22 Castle Age
12:16 Double-Bit Axe
12:46 Horse Collar
14:39 Town Watch
15:25 Bow Saw
19:20 Wheelbarrow
23:57 Stone Mining
23:59 Gold Mining
24:52 Heavy Plow
26:20 Stone Shaft Mining
30:12 Imperial Age
28:10 Hand Cart
27:41 Loom
28:41 Ballistics
28:20 Loom
28:39 Fletching
29:04 Padded Archer Armor
29:16 Town Patrol
29:32 Bodkin Arrow
30:52 Leather Archer Armor
31:59 Chemistry
31:21 Conscription
32:21 Two-Man Saw
31:53 Crop Rotation
31:41 Bracer
33:15 Ring Archer Armor
32:53 Thumb Ring
34:00 Scale Mail Armor
34:10 Forging
34:47 Elite Genoese Crossbowman
36:42 Squires
36:27 Arson
38:08 Masonry
37:39 Treadmill Crane
37:56 Murder Holes
39:47 Hoardings
43:40 Chain Mail Armor
47:01 Plate Mail Armor
47:07 Iron Casting
48:02 Architecture
52:38 Caravan
53:32 Bombard Tower
54:15 Blast Furnace
58:25 Pirotechnia
58:38 Silk Road
58:53 Scale Barding Armor
59:49 Blast Furnace
60:35 Fortified Wall
60:18 Light Cavalry
61:50 Coinage
62:01 Husbandry
62:26 Bloodlines
63:12 Guilds
67:12 Hussar
68:18 Chain Barding Armor
71:03 Banking
WasserLasser
11:41 Feudal Age
15:17 Castle Age
13:19 Double-Bit Axe
13:47 Horse Collar
15:11 Loom
16:14 Bow Saw
17:08 Heavy Plow
19:13 Gold Mining
25:15 Imperial Age
24:19 Gold Shaft Mining
25:13 Fortified Wall
27:11 Chemistry
27:11 Fletching
28:57 Wheelbarrow
29:53 Conscription
29:30 Bodkin Arrow
30:04 Ballistics
29:37 Guard Tower
31:17 Ballistics
30:58 Bracer
37:14 Hand Cart
36:27 Crossbowman
37:13 Thumb Ring
37:22 Padded Archer Armor
37:09 Arbalester
38:50 Leather Archer Armor
39:00 Block Printing
40:27 Ring Archer Armor
41:59 Scale Mail Armor
41:25 Pikeman
41:57 Elite Skirmisher
43:55 Forging
44:44 Squires
45:00 Chain Mail Armor
44:53 Halberdier
47:05 Plate Mail Armor
47:54 Iron Casting
55:22 Gambesons
55:36 Arson
58:55 Capped Ram
63:31 Husbandry
64:12 Scale Barding Armor
67:40 Crop Rotation
67:16 Light Cavalry
68:32 Siege Ram
71:33 Coinage
Grauhaar
10:14 Feudal Age
15:32 Castle Age
14:56 Double-Bit Axe
16:41 Bow Saw
21:18 Wheelbarrow
22:40 Bow Saw
23:29 Gold Mining
23:21 Horse Collar
24:43 Hand Cart
30:28 Imperial Age
28:25 Pikeman
29:07 Corvinian Army
29:14 Scale Barding Armor
29:02 Fletching
29:13 Padded Archer Armor
30:04 Husbandry
30:14 Bloodlines
30:28 Heavy Plow
30:22 Stone Mining
31:10 Gold Shaft Mining
31:14 Chain Barding Armor
30:57 Padded Archer Armor
31:39 Conscription
32:06 Ballistics
32:47 Chemistry
32:07 Leather Archer Armor
32:05 Bodkin Arrow
32:07 Halberdier
32:33 Arson
32:51 Scale Mail Armor
33:37 Parthian Tactics
33:56 Thumb Ring
34:48 Plate Barding Armor
35:29 Crop Rotation
36:02 Two-Man Saw
36:14 Bracer
36:46 Ring Archer Armor
36:32 Chain Mail Armor
36:05 Elite Magyar Huszar
36:28 Light Cavalry
37:08 Heavy Cavalry Archer
38:58 Recurve Bow
38:23 Elite Skirmisher
41:28 Murder Holes
46:39 Hoardings
45:35 Sappers
47:17 Capped Ram
56:37 Coinage
56:09 Onager
59:50 Siege Engineers
59:36 Heated Shot
61:57 Banking
61:28 Caravan
Betze_Tobi
0:39 Loom
11:53 Feudal Age
17:34 Castle Age
15:52 Double-Bit Axe
19:35 Bow Saw
20:29 Gold Mining
23:02 Wheelbarrow
22:17 Town Watch
24:34 Stone Mining
26:58 Scale Barding Armor
30:03 Husbandry
32:41 Imperial Age
30:39 Hand Cart
31:05 Chain Barding Armor
30:51 Town Patrol
31:38 Forging
31:50 Ballistics
33:08 Iron Casting
32:28 Fletching
32:46 Murder Holes
33:02 Masonry
32:15 Pikeman
33:02 Cavalier
34:21 Plate Barding Armor
34:49 Blast Furnace
34:33 Conscription
34:48 Bodkin Arrow
34:20 Halberdier
36:08 Hoardings
35:58 Squires
36:02 Scale Mail Armor
36:19 Arson
37:03 Chain Mail Armor
37:10 Chain Mail Armor
37:42 Gold Shaft Mining
37:42 Architecture
38:12 Chivalry
37:35 Light Cavalry
39:30 Caravan
40:02 Coinage
40:08 Plate Mail Armor
40:40 Chemistry
39:24 Paladin
41:02 Fortified Wall
40:40 Arrowslits
43:31 Fortified Wall
48:27 Siege Engineers
48:25 Padded Archer Armor
50:20 Capped Ram
55:51 Onager
59:55 Banking
Connection lost

Rejoining the realm…

Still unreachable

The connection could not be restored.

Session expired

The server has moved on; the page needs a fresh start.